 Dungeon Crawl Stone Soup version 0.28-a0-309-gf6d37e6e1d (webtiles) character file.

Game seed: 5208972364107861028

5252 PentaManta the Grappler (level 10, -3/100 HPs)
             Began as a Troll Abyssal Knight on Aug 30, 2021.
             Was an Elder of Lugonu.
             Slain by a death knight (27 damage)
             ... on level 9 of the Dungeon.
             The game lasted 00:22:01 (8110 turns).

PentaManta the Grappler (Troll Abyssal Knight)      Turns: 8110, Time: 00:22:02

Health: -3/100     AC:  8    Str: 22    XL:     10   Next: 36%
Magic:  15/15      EV: 13    Int: 11    God:    Lugonu [****..]
Gold:   464        SH:  0    Dex: 15    Spells: 9/9 levels left

rFire   . . .      SeeInvis .     - Unarmed
rCold   . . .      Faith    .   (no shield)
rNeg    . . .      Spirit   .   x - +0 steam dragon scales
rPois   .          Reflect  .   (helmet restricted)
rElec   .          Harm     .   D - +0 cloak
rCorr   +          Rampage  .   (gloves unavailable)
Will    .....                   (boots unavailable)
Stlth   +.........              (no amulet)
HPRegen 1.26/turn               f - +6 ring of dexterity
MPRegen 0.14/turn               v - ring of resist corrosion

@: no status effects
A: large, unfitting armour, claws 3, regeneration 1, shaggy fur 1, tough skin 1
a: Renounce Religion, Depart the Abyss, Bend Space, Banish, Corrupt


You were on level 9 of the Dungeon.
You worshipped Lugonu.
Lugonu was greatly pleased with you.
You visited 2 branches of the dungeon, and saw 10 of its levels.
You visited the Abyss 1 time.
You also visited: Sewer.

You collected 497 gold pieces.
You spent 33 gold pieces at shops.

Inventory:

Hand Weapons
 k - a +2 dagger of venom
Missiles
 l - 63 poisoned darts
 A - a curare-tipped dart
 B - a javelin (quivered)
Armour
 o - a +1 robe of resistance
 t - the +1 robe of Shielding {Int+6}
   (You found it on level 7 of the Dungeon)

   Int:       It affects your intelligence (+6).
 x - +0 steam dragon scales (worn)
 D - a +0 cloak (worn)
Jewellery
 f - a +6 ring of dexterity (left claw)
 s - a ring of fire
 v - a ring of resist corrosion (right claw)
Wands
 j - a wand of flame (20)
 w - a wand of iceblast (7)
Scrolls
 a - a scroll of noise {unknown}
 b - 3 scrolls of enchant weapon {unknown}
 g - a scroll of acquirement {unknown}
 i - 5 scrolls of teleportation
 m - 2 scrolls of fear {unknown}
 y - 3 scrolls of identify
 z - a scroll of holy word {unknown}
 C - 3 scrolls of amnesia {unknown}
Potions
 c - 3 potions of flight
 d - 4 potions of curing
 e - 3 potions of ambrosia
 h - a potion of attraction
 n - 3 potions of cancellation
 p - 2 potions of might
 q - 5 potions of heal wounds
 r - 2 potions of berserk rage
 u - a potion of resistance {unknown}


   Skills:
 * Level 6.8 Fighting
 - Level 7.3 Dodging
 + Level 9.6 Unarmed Combat
 - Level 8.0 Invocations


You had 9 spell levels left.
You didn't know any spells.
Your spell library contained the following spells:

 Spells                   Type           Power      Damage    Failure   Level
 Dazzling Flash           Conj/Hex       0%         N/A       71%         3
 Agony                    Necr           0%         N/A       100%        5
 Silence                  Hex/Air        0%         N/A       100%        5


Dungeon Overview and Level Annotations

Branches:
Dungeon (9/15)             Temple (1/1) D:4           Sewer (visited)
   Lair: D:8-11         Orc: D:9-12

Altars:
Ashenzari
Cheibriados
Elyvilon
Kikubaaqudgha
Makhleb
Okawaru
Qazlal
Sif Muna
Trog
Uskayaw
Wu Jian
Xom
Zin

Shops:
D:1 [   D:5 =   D:7 ?![:*

Annotations:
D:5 2 exclusions
D:8 1 runed translucent door, exclusion: downstairs


Innate Abilities, Weirdness & Mutations

You are too large for most types of armour.
You have claws for hands.
Your natural rate of healing is unusually fast.
You are covered in fur. (AC +1)
You have tough skin. (AC +1)


Message History

Press: ? - help, Q - select action, (/) - cycle Shift-Dir - straight line, f/p - death knight
Aim: a death knight, wielding a +2 broad axe and wearing a +0 chain mail (62% to hit)
You throw a javelin.
The javelin barely misses the death knight.
Throw: 3 javelins
Press: ? - help, Q - select action, (/) - cycle Shift-Dir - straight line, f/p - death knight
Aim: a death knight, wielding a +2 broad axe and wearing a +0 chain mail (62% to hit)
You throw a javelin.
The javelin barely misses the death knight.
The death knight offers itself to Yredelemnul, and fills with unholy energy.
Press: ? - help, v - describe, . - travel
Here: a death knight, wielding a +2 broad axe and wearing a +0 chain mail (reflecting injuries)
The floor.
There is an open door here.
There is an open door, spattered with blood here.
Items here: ))) [[[.
The death knight's dark mirror aura disappears.
The death knight mumbles some strange prayers to Yredelemnul against you.
You struggle to resist.
Throw: 2 javelins
Press: ? - help, Q - select action, (/) - cycle Shift-Dir - straight line, f/p - death knight
Aim: a death knight, wielding a +2 broad axe and wearing a +0 chain mail (62% to hit)
You throw a javelin.
The javelin closely misses the death knight.
The death knight invokes the aid of Yredelemnul against you.
Your body is wracked with pain!
The death knight barely misses you.
There is an open door, spattered with blood here.
Items here: ))) [[[.
You mangle the death knight!!
The death knight is moderately wounded.
The death knight hits you with a +2 broad axe!
You mangle the death knight!!
The death knight is heavily wounded.
You see here a +0 battleaxe.
The death knight hits you with a +2 broad axe!!
* * * LOW HITPOINT WARNING * * *
There is an open door here.
The death knight hits you with a +2 broad axe!!
You die...

# #.......# #.......# #
####'#### ###.##### ##(# #..#
#.[# ######.#### ####z###
#.........# #......#
#.........# ### #####......#
#....(....#
..###...'...).z######.........#
#.##..###...>..p@..##.........#
#.##.## #......###............#
#.'..# #......# ####.........#
..#### #......# #####.##### ###
###'#### #.# #.# #.# ##.# #.#
#..# ###.#### #### ####'#####
#......#


You could see a death knight and a skeletal warrior.

Vanquished Creatures
  A two-headed ogre (D:5)
  A skeletal warrior (D:9)
  Pikel (D:3)
  Maurice (D:9)
  Sigmund (D:4)
  A steam dragon (D:7)
  Edmund (D:6)
  2 water moccasins
  An acid dragon (D:9)
  3 orc warriors
  An ice beast (D:5)
  A necrophage (D:8)
  An ogre (D:6)
  3 centaurs
  A lemure (D:3)
  3 kobold brigands
  2 bullfrogs (D:9)
  2 water moccasin skeletons
  A howler monkey (D:5)
  3 centaur zombies
  2 jellies
  2 orc priests
  A hound (D:5)
  A bullfrog skeleton (D:5)
  2 centaur skeletons (D:6)
  Jessica (D:3)
  7 orc wizards
  6 iguanas
  A hound skeleton (D:5)
  Robin (D:3)
  4 gnolls (D:7)
  A howler monkey skeleton (D:6)
  7 adders
  A shadow imp (D:8)
  An ufetubus (D:6)
  3 worms
  A dart slug (D:7)
  18 orcs
  8 ball pythons
  6 bats
  3 endoplasms
  2 giant cockroaches
  12 goblins
  5 hobgoblins
  9 jackals
  26 kobolds
  3 quokkas
  7 frilled lizards
  6 rats
178 creatures vanquished.

Vanquished Creatures (others)
  A bush (D:6)
  6 plants (Sewer)
7 creatures vanquished.

Grand Total: 185 creatures vanquished

Notes
Turn   | Place    | Note
-------+----------+-------------------------------------------
     0 | Abyss:1  | PentaManta the Troll Abyssal Knight began the quest for the
                  | Orb.
     0 | Abyss:1  | Reached XP level 1. HP: 22/22 MP: 1/1
    32 | Abyss:1  | Noticed a large abomination
    44 | Abyss:1  | Noticed a small abomination
   386 | Abyss:1  | Noticed a small abomination
   390 | Abyss:1  | Noticed a chaos spawn
   398 | D:1      | Escaped the Abyss
   520 | D:1      | Reached XP level 2. HP: 29/29 MP: 2/2
   540 | D:1      | Found Utanied's Armour Boutique.
   840 | D:1      | Reached skill level 3 in Unarmed Combat
   847 | D:1      | Found a faded altar of an unknown god.
   928 | D:1      | Reached * piety under Lugonu
  1230 | D:2      | Reached XP level 3. HP: 36/36 MP: 3/3
  1735 | D:3      | Noticed Jessica
  1742 | D:3      | Reached skill level 4 in Unarmed Combat
  1744 | D:3      | Killed Jessica
  1745 | D:3      | Reached XP level 4. HP: 25/44 MP: 4/4
  1804 | D:3      | Found a glowing drain.
  1826 | Sewer    | Entered a sewer
  1894 | Sewer    | Reached ** piety under Lugonu
  2085 | Sewer    | Reached skill level 5 in Unarmed Combat
  2388 | D:3      | Found a glowing silver altar of Zin.
  2493 | D:3      | Noticed Robin
  2513 | D:3      | Reached XP level 5. HP: 49/50 MP: 5/5
  2524 | D:3      | Killed Robin
  2695 | D:4      | Noticed Sigmund
  2705 | D:3      | Reached XP level 6. HP: 59/59 MP: 5/10
  2758 | D:4      | Killed Sigmund
  2784 | D:4      | Found an iron altar of Okawaru.
  2927 | D:4      | Noticed Pikel
  2931 | D:4      | Reached skill level 6 in Unarmed Combat
  2951 | D:3      | Killed Pikel
  2952 | D:3      | Reached skill level 7 in Unarmed Combat
  2952 | D:3      | Reached XP level 7. HP: 42/66 MP: 12/12
  3019 | D:4      | Found a staircase to the Ecumenical Temple.
  3028 | Temple   | Entered the Ecumenical Temple
  3077 | D:4      | Identified the +0 helmet "Juufeomu" {rC+ Dex+3}
  3188 | D:4      | Reached *** piety under Lugonu
  3201 | D:4      | Found a hide-covered altar of Uskayaw.
  3439 | D:5      | Entered Level 5 of the Dungeon
  3507 | D:5      | Reached XP level 8. HP: 71/74 MP: 13/13
  3528 | D:5      | Found Rocihyets's Armour Shop.
  3652 | D:5      | Found Xiotoun's Jewellery Boutique.
  3699 | D:5      | Reached skill level 8 in Unarmed Combat
  4004 | D:5      | Found a shimmering altar of Xom.
  4045 | D:5      | Found an ancient bone altar of Kikubaaqudgha.
  4376 | D:6      | Noticed a two-headed ogre
  4500 | D:5      | Killed a two-headed ogre
  4501 | D:5      | Reached XP level 9. HP: 84/84 MP: 12/14
  4680 | D:6      | Noticed Edmund
  4699 | D:6      | Killed Edmund
  5089 | D:6      | Found a stormy altar of Qazlal.
  5469 | D:7      | Found Weudipol's Book Shoppe.
  5504 | D:7      | Found Riush's Distillery.
  5569 | D:7      | Found an ornate altar of the Wu Jian Council.
  5717 | D:7      | Found Xeez's Magic Scroll Shop.
  5720 | D:7      | Bought a scroll of teleportation for 33 gold pieces
  5732 | D:7      | Identified the +1 robe of Shielding {Int+6}
  5802 | D:7      | Found a snail-covered altar of Cheibriados.
  5806 | D:7      | Found Imileufo's Assorted Antiques.
  5852 | D:7      | Reached **** piety under Lugonu
  5961 | D:7      | Found a shimmering blue altar of Sif Muna.
  5986 | D:7      | Reached skill level 5 in Fighting
  6099 | D:7      | Found Wiutraq's Antique Armour Shop.
  6210 | D:8      | Reached skill level 9 in Unarmed Combat
  6394 | D:8      | Found a runed translucent door.
  6653 | D:8      | Reached XP level 10. HP: 74/98 MP: 15/15
  7284 | D:9      | Found a bloodstained altar of Trog.
  7285 | D:9      | Noticed Maurice
  7301 | D:9      | Found a white marble altar of Elyvilon.
  7312 | D:9      | Killed Maurice
  7360 | D:9      | Noticed a skeletal warrior
  7361 | D:9      | Noticed a skeletal warrior
  7927 | D:9      | Noticed a skeletal warrior
  8006 | D:9      | Killed a skeletal warrior
  8087 | D:9      | Noticed a death knight
  8110 | D:9      | Slain by a death knight

Illustrated notes

Levels and vault maps discovered:
D:1:      dpeg_arrival_tiny_a, layout_loops_ring,
          dreamdust_ecumenical_altar_angels_and_demons, serial_shops,
          nicolae_shop_trees
D:2:      layout_basic
D:3:      layout_rooms, overflow_temple_1_default, cheibrodos_sewer_entry_bend,
          uniq_robin, uniq_jessica
D:4:      layout_loops_ring, okawaru_ov_weapons_minmay,
          eat_drink_and_be_merry_uskayaw, minmay_temple_entry_large_hall,
          uniq_pikel, uniq_sigmund
D:5:      layout_loops_ring, kiku_gazebo_garden_becter,
          nicolae_overflow_hidden_temple, serial_glass, glass_columns_a,
          glass_columns_c, glass_columns_a, due_unseen_surprise, serial_shops,
          nicolae_diamond_shop, shop, lightli_corner_chamber
D:6:      layout_cave_pods, grunt_qazlal_sundering, minmay_fountain_box,
          kb_lookout_dungeons_type, uniq_edmund
D:7:      layout_loops_ring, nzn_wu_jian_contemplation, kennysheep_slug_shrine,
          mainiacjoe_overflow_alcove_4, serial_shops, kennysheep_mini_moat,
          nicolae_shop_trees, nicolae_shop_behind_doors, nicolae_diamond_shop,
          shop_fountains
D:8:      layout_basic, lightli_church_of_beogh
D:9:      layout_roguey, grunt_temple_overflow_open, minmay_misc_feat_roman,
          uniq_maurice
Temple:   chequers_temple_sunken

Skill      XL: |  1  2  3  4  5  6  7  8  9 10 |
---------------+-------------------------------+-----
Unarmed Combat | 3 4 5 7 8 9 |  9.6
Dodging        | 7 |  7.3
Invocations    | 7 8 |  8.0
Fighting       | 3 5 6 |  6.8

Action                   |  1- 3 |  4- 6 |  7- 9 | 10-12 || total
-------------------------+-------+-------+-------+-------++-------
Melee: Unarmed           |    96 |   118 |   217 |    89 ||   520
       Punch             |     1 |     2 |    12 |     8 ||    23
Throw: Dart              |       |       |     9 |     4 ||    13
       Javelin           |       |       |       |     9 ||     9
Invok: Depart the Abyss  |     1 |       |       |       ||     1
       Bend Space        |       |       |     3 |     4 ||     7
  Use: Scroll            |       |     7 |     2 |       ||     9
       Potion            |       |     1 |       |       ||     1
 Stab: Sleeping          |     2 |     1 |     2 |       ||     5
       Distracted        |     1 |       |       |       ||     1
Armor: Robe              |    32 |    23 |    29 |       ||    84
       Steam dragon scal |       |       |    42 |    27 ||    69
Dodge: Dodged            |    35 |    53 |   164 |    32 ||   284

Table legend: (Time is in decaauts)
 A = Elapsed time spent in this place.
 B = Non-inter-level travel time spent in this place.
 C = Inter-level travel time spent in this place.
 D = Time resting spent in this place.
 E = Time spent auto-exploring this place.
 F = Levels seen in this place.
 G = Mean time per level.
                   A        B        C        D        E       F      G
               +--------+--------+--------+--------+--------+-----+--------+
         Total |   8199 |   7822 |    377 |    629 |   5280 |  12 |  683.2 |
       Dungeon |   7138 |   6761 |    377 |    329 |   4764 |   9 |  793.1 |
        Temple |      1 |      1 |      0 |      0 |      0 |   1 |    1.0 |
         Abyss |    398 |    398 |      0 |    300 |      0 |   1 |  398.0 |
         Sewer |    661 |    661 |      0 |      0 |    515 |   1 |  661.0 |
               +--------+--------+--------+--------+--------+-----+--------+

Top non-repeatable levels by time:
     D:6: 1017 daAuts
     D:5: 1001 daAuts
     D:9: 997 daAuts
     D:8: 898 daAuts
     D:7: 719 daAuts
     D:3: 711 daAuts
   Sewer: 661 daAuts
     D:4: 653 daAuts
     D:1: 610 daAuts
     D:2: 529 daAuts
 Abyss:1: 398 daAuts
  Temple: 1 daAuts
